 Dungeon Crawl Stone Soup version 0.29.1-14-g9c671dbff4 (webtiles) character file.

Game seed: 2593177064270826431

20 Heoruswealwe the Conjurer (level 2, 15/15 HPs)
             Began as a Deep Elf Conjurer on Feb 17, 2023.
             Got out of the dungeon alive.
             The game lasted 00:09:52 (840 turns).

Heoruswealwe the Conjurer (Deep Elf Conjurer)        Turns: 840, Time: 00:09:53

Health: 15/15      AC:  2    Str:  3 (4)  XL:     2   Next: 58%
Magic:  8/8        EV: 12    Int: 20 (22) God:
Gold:   76         SH:  0    Dex: 11 (13) Spells: 7/8 levels left

rFire   . . .      SeeInvis .   g - +0 dagger
rCold   . . .      Faith    .   (no shield)
rNeg    . . .      Spirit   .   a - +0 robe
rPois   .          Reflect  .   (no helmet)
rElec   .          Harm     .   (no cloak)
rCorr   .          Rampage  .   (no gloves)
Will    .....                   (no boots)
Stlth   ++........              (no amulet)
HPRegen 0.05/turn               (no ring)
MPRegen 0.11/turn               (no ring)

@: mighty
A: no striking features
a: no special abilities


You escaped.
You visited 1 branch of the dungeon, and saw 1 of its levels.

You collected 76 gold pieces.

Inventory:

Hand Weapons
 d - a +0 whip
 g - a +0 dagger (weapon)
 l - a +0 dagger
 n - a +0 dagger
Missiles
 m - 2 stones
Armour
 a - a +0 robe (worn)
 c - a +0 ring mail
 k - an orb of mayhem
 q - a +0 chain mail
 r - a +0 robe
Scrolls
 f - a scroll of immolation
 p - a scroll of magic mapping
Potions
 b - a potion of magic
 h - a potion of heal wounds
 i - a potion of curing
 j - a potion of might


   Skills:
 - Level 2.4 Dodging
 - Level 2.4 Stealth
 + Level 3.8 Spellcasting
 + Level 4.8 Conjurations


You had 7 spell levels left.
You knew the following spells:

 Your Spells              Type           Power      Damage    Failure   Level
a - Magic Dart            Conj           92%        1d7       1%          1

Your spell library contained the following spells:

 Spells                   Type           Power      Damage    Failure   Level
 Searing Ray              Conj           46%        2d6       2%          2
 Dazzling Flash           Conj/Hex       26%        N/A       14%         3
 Fulminant Prism          Conj/Hex       6%         3d7       43%         4
 Iskenderun's Mystic Bla  Conj/Tloc      13%        2d5       43%         4


Dungeon Overview and Level Annotations

Branches:
Dungeon (1/15)

Altars:
Trog


Message History

You finish putting on your +0 robe.
You start removing your armour.
You continue taking off your +0 robe. x4
You finish taking off your +0 robe.
You start putting on your armour.
You continue putting on your +0 robe. x5
You finish putting on your +0 robe.
Found a faded altar of an unknown god.
There is a shaft here.
There is a faded altar of an unknown god here.
You cannot tell which god this altar belongs to.
Convert to them anyway?
Trog accepts your prayer! Trog welcomes you!
You can now go berserk at will.
Really renounce your faith, foregoing its fabulous benefits?
Are you sure?
You have lost your religion!
Trog does not appreciate desertion!
You need to enable at least one skill for training.
There is a shaft here.
Done exploring.
There is an open door here.
There is a staircase leading out of the dungeon here.
Are you sure you want to leave the Dungeon?
This will make you lose the game!
Alright, then stay!
As you read the scroll labelled YMICOR BIHUGG, it crumbles to dust.
It is a scroll of identify.
f - a scroll of immolation
As you read the scroll of identify, it crumbles to dust.
p - a scroll of magic mapping
As you read the scroll of identify, it crumbles to dust.
i - a potion of curing It was a potion of heal wounds.
You feel much better.
It was a potion of might.
You feel very mighty all of a sudden.
It was a potion of degeneration.
There was something very wrong with that liquid.
You feel weakened.
You feel dopey.
You feel clumsy.
You have 76 gold pieces.
Unknown command.
Are you sure you want to leave the Dungeon?
This will make you lose the game!
You have escaped!

....# #....# #....#........
..### #....# #....#########
....# #....## #....# #.. ....#
#.....# #....# #.# ....#
###...# ####.# #.# ....# #...#
#.# #.# ....# #...### #.## #..
##### #.....####..# ###
##.@..#..##.# # ###...##...'.#
# #######.....###..### #
#....##....###...#.# #
#######....###...##....#.# ###
......'....'.#..###...##.# #..
#######....#....##....#..# #.#
#...'....'...###...###.######.#
#.###....#...##>...##>.##.....#


There were no monsters in sight!

Vanquished Creatures
  A dart slug (D:1)
  2 ball pythons (D:1)
  2 bats (D:1)
  An endoplasm (D:1)
  3 giant cockroaches (D:1)
  3 jackals (D:1)
  2 frilled lizards (D:1)
  A kobold (D:1)
  A rat (D:1)
16 creatures vanquished.

Notes
Turn   | Place    | Note
-------+----------+-------------------------------------------
     0 | D:1      | Heoruswealwe the Deep Elf Conjurer began the quest for the
                  | Orb.
     0 | D:1      | Reached XP level 1. HP: 10/10 MP: 6/6
   459 | D:1      | Reached XP level 2. HP: 15/15 MP: 5/8
   782 | D:1      | Found a faded altar of an unknown god.
   786 | D:1      | Prayed at the altar of an unknown god.
   786 | D:1      | Became a worshipper of Trog the Wrathful
   786 | D:1      | Reached * piety under Trog
   787 | D:1      | Fell from the grace of Trog
   840 | D:$      | Got out of the dungeon alive.

Illustrated notes

Levels and vault maps discovered:
D:1:      dpeg_arrival_long_road, layout_basic,
          hellmonk_ecumenical_altar_leap_of_faith

Action                   || total
-------------------------++-------
 Cast: Magic Dart        ||    34
Invok: Renounce Religion ||     1
  Use: Scroll            ||     3
       Potion            ||     3
Armor: Robe              ||     4
Dodge: Dodged            ||     3
